 Dungeon Crawl Stone Soup version 0.20.1-1-g8b1a95d (webtiles) character file.

100 letownia2 the Grave Robber (level 4, -7/36 HPs)
             Began as a Deep Dwarf Necromancer on Oct 28, 2017.
             Mangled by Blork the orc
             ... wielding a +0 halberd
              (11 damage)
             ... on level 4 of the Dungeon.
             The game lasted 00:03:54 (1590 turns).

letownia2 the Grave Robber (Deep Dwarf Necromancer) Turns: 1590, Time: 00:03:55

Health: -7/36      AC:  2    Str: 11    XL:     4   Next: 47%
Magic:  1/7        EV: 12    Int: 17    God:
Gold:   102        SH:  0    Dex: 13    Spells: 3/7 levels left

rFire    . . .     SeeInvis .   f - +0 dagger
rCold    . . .     Gourm    +   (no shield)
rNeg     . . .     Faith    .   a - +0 robe
rPois    .         Spirit   .   (no helmet)
rElec    .         Reflect  .   (no cloak)
rCorr    .         Harm     .   (no gloves)
MR       .....                  (no boots)
Stlth    ++........             p - amulet of the gourmand
Regen    0.0/turn               (no ring)
MPRegen  0.1/turn               (no ring)

@: non-regenerating
A: damage resistance, heal wounds, sense surroundings 1, no regeneration
a: Heal Wounds


You were on level 4 of the Dungeon.
You were not hungry.

You visited 1 branch of the dungeon, and saw 4 of its levels.

You collected 102 gold pieces.

Inventory:

Hand Weapons
 f - a +0 dagger (weapon)
 m - a +0 arbalest
Missiles
 e - 28 poisoned needles
 k - 2 tomahawks (quivered)
Armour
 a - a +0 robe (worn)
 g - a +0 scale mail
Jewellery
 p - an amulet of the gourmand (around neck)
Scrolls
 h - 2 scrolls of fog {unknown}
 j - a scroll of identify {unknown}
Potions
 d - a potion of ambrosia {unknown}
 n - a potion of mutation {unknown}
Books
 b - a book of Necromancy

   Spells                             Type                      Level
   a - Pain                           Necromancy                   1
   b - Animate Skeleton               Necromancy                   1
   c - Vampiric Draining              Necromancy                   3
   d - Regeneration                   Charms/Necromancy            3
   e - Animate Dead                   Necromancy                   4
   f - Control Undead                 Necromancy                   4
Comestibles
 c - 2 bread rations
 i - a royal jelly
 l - a meat ration


   Skills:
 - Level 2.1 Dodging
 - Level 2.4 Stealth
 - Level 2.2 Spellcasting
 + Level 6.3 Necromancy


You had 3 spell levels left.
You knew the following spells:

 Your Spells              Type           Power        Failure   Level  Hunger
a - Pain                  Necr           ###.         1%          1    #......
v - Vampiric Draining     Necr           ###.......   4%          3    ###....


Dungeon Overview and Level Annotations

Branches:
Dungeon (4/15)
 Temple: D:4-7

Altars:
Sif Muna
The Shining One

Annotations:
D:3 Grinder
D:4 Blork the orc


Innate Abilities, Weirdness & Mutations

You are resistant to damage.
You can heal yourself by infusing magical energy.
You passively map a small area around you.
You do not regenerate.


Message History

* * * LOW HITPOINT WARNING * * *
Unknown command.
You hear the slow rusting of a very distant drain.
There is an open door here.
Casting: Vampiric Draining
Confirm with . or Enter, or press ? or * to list all spells.
Aiming: Vampiric Draining
Press: ? - help, Shift-Dir - straight line, f - Blork the orc
Aim: Blork the orc, wielding a halberd and wearing a robe Blork the orc is moderately wounded.
You feel life coursing into your body. Blork the orc hits you with a halberd!
* * * LOW HITPOINT WARNING * * *
Casting: Vampiric Draining
Confirm with . or Enter, or press ? or * to list all spells.
Aiming: Vampiric Draining
Press: ? - help, Shift-Dir - straight line, f/p - Blork the orc
Aim: Blork the orc, wielding a halberd and wearing a robe (moderately wounded) Blork the orc is heavily wounded.
You feel life coursing into your body. Blork the orc hits you with a halberd!
You die...

, * , .* * ,, . ** . ##+##
* .# ##.>.## .## ##.....##
, * ..## ##....)..##, , .
...####.........####...#**
....Z>+^........@o......
...####........)#.##...# *
..## ##.......##.#* , #
.## ##.....## .# *, .#
##...## *.# , .# ##+## *.#
.# .# .. , , .# .### ## .#
######... ,


You could see Blork the orc.

Vanquished Creatures
  An orc wizard (D:3)
  Jessica (D:3)
  2 adders (D:3)
  A leopard gecko (D:2)
  3 orcs (D:3)
  A giant cockroach (D:3)
  2 goblins
  3 hobgoblins
  3 bats
  3 frilled lizards
  6 rats
26 creatures vanquished.

Notes
Turn   | Place    | Note
-------+----------+-------------------------------------------
     0 | D:1      | letownia2 the Deep Dwarf Necromancer began the quest for the Orb.
     0 | D:1      | Reached XP level 1. HP: 15/15 MP: 3/3
   278 | D:2      | Reached XP level 2. HP: 22/22 MP: 3/5
   298 | D:2      | Found a glowing golden altar of the Shining One.
   328 | D:3      | Noticed Jessica
   334 | D:3      | Killed Jessica
   334 | D:3      | Reached skill level 5 in Necromancy
   334 | D:3      | Reached XP level 3. HP: 28/28 MP: 1/6
   339 | D:3      | Learned a level 3 spell: Vampiric Draining
   349 | D:3      | Found a deep blue altar of Sif Muna.
  1081 | D:3      | Reached XP level 4. HP: 32/36 MP: 3/7
  1349 | D:3      | Reached skill level 6 in Necromancy
  1502 | D:3      | Noticed Grinder
  1587 | D:4      | Noticed Blork the orc
  1589 | D:4      | HP: 1/36 [Blork the orc/halberd (10)]
  1590 | D:4      | Mangled by Blork the orc

Skill      XL: |  1  2  3  4 |
---------------+-------------+-----
Spellcasting   | 2 |  2.2
Necromancy     | 5 6 |  6.3
Dodging        | |  2.1
Stealth        | |  2.4

Action                   |  1- 3 |  4- 6 || total
-------------------------+-------+-------++-------
Melee: Dagger            |     3 |       ||     3
 Cast: Pain              |    42 |     7 ||    49
       Vampiric Draining |       |     5 ||     5
  Eat: Chunk             |     1 |     8 ||     9
Armor: Robe              |     1 |     3 ||     4
Dodge: Dodged            |    11 |     3 ||    14
